 Dungeon Crawl Stone Soup version 0.23-a0-454-gae4fabde77 (webtiles) character file.

17171 LLavrengius the Fighter (level 12, -4/100 HPs)
             Began as a Formicid Fighter on Nov 24, 2018.
             Was a High Priest of Makhleb.
             Slain by Snorg (7 damage)
             ... on level 11 of the Dungeon.
             The game lasted 00:50:44 (14125 turns).

LLavrengius the Fighter (Formicid Fighter)         Turns: 14125, Time: 00:50:44

Health: -4/100     AC: 16    Str: 25    XL:     12   Next: 79%
Magic:  0/20       EV:  7    Int: 13    God:    Makhleb [*****.]
Gold:   623        SH: 11    Dex: 14    Spells: 11/11 levels left

rFire    + . .     SeeInvis +   q - +10 dagger of Defence {venom, Int+4 Dex+4}
rCold    + . .     Gourm    .   c - +0 shield
rNeg     . . .     Faith    .   C - +1 chain mail {rPois}
rPois    +         Spirit   +   (helmet unavailable)
rElec    .         Reflect  .   I - +2 cloak
rCorr    .         Harm     .   o - +0 pair of gloves
MR       .....                  (no boots)
Stlth    ..........             Z - amulet of guardian spirit
HPRegen  0.26/turn              t - ring of protection from fire
MPRegen  0.17/turn              M - ring of protection from cold

@: vulnerable
A: permanent stasis, dig shafts and tunnels, four strong arms, antennae 3
a: Dig, Shaft Self, Minor Destruction, Lesser Servant of Makhleb, Major
Destruction, Greater Servant of Makhleb, Renounce Religion


You were on level 11 of the Dungeon.
You worshipped Makhleb.
Makhleb was extremely pleased with you.
You were not hungry.

You visited 2 branches of the dungeon, and saw 12 of its levels.

You collected 791 gold pieces.
You spent 168 gold pieces at shops.

Inventory:

Hand Weapons
 q - the +10 dagger of Defence (weapon) {venom, Int+4 Dex+4}
   (You found it on level 8 of the Dungeon)

   It poisons the flesh of those it strikes.
   It affects your intelligence (+4).
   It affects your dexterity (+4).
 r - a +0 blowgun
 y - a +0 hunting sling
 S - a +2 war axe of holy wrath
 U - a +2 hand crossbow of velocity
Missiles
 g - 140 sling bullets
 h - a throwing net (quivered)
 n - 14 curare-tipped needles
 u - 61 poisoned needles
 B - 17 tomahawks
 N - 31 bolts
Armour
 c - a +0 shield (worn)
 o - a +0 pair of gloves (worn)
 C - a +1 chain mail of poison resistance (worn)
 F - a scarf of cloud immunity
 I - a +2 cloak (worn)
 T - a +0 plate armour
Jewellery
 a - an uncursed ring of resist corrosion
 t - a ring of protection from fire (left hand)
 M - a ring of protection from cold (right hand)
 Z - an amulet of guardian spirit (around neck)
Wands
 v - a wand of clouds (9)
 z - a wand of enslavement (7)
 D - a wand of iceblast (4)
 E - a wand of paralysis (9)
 Q - a wand of flame (34)
 R - a wand of digging (4)
 Y - a wand of acid (9)
Scrolls
 i - 2 scrolls of identify
 k - a scroll of fear
 l - a scroll of enchant armour
 p - 3 scrolls of magic mapping
 w - a scroll of holy word
 x - 2 scrolls of amnesia
 A - 4 scrolls of remove curse
 J - a scroll of fog
 O - a scroll of acquirement
 P - 2 scrolls of immolation
Potions
 b - 3 potions of lignification
 d - a potion of might
 j - a potion of resistance
 m - 3 potions of flight
 s - 6 potions of curing
 G - a potion of invisibility
 K - a potion of cancellation
 L - 2 potions of agility
 X - a potion of magic
Comestibles
 f - 29 rations
 H - 4 chunks of flesh


   Skills:
 + Level 11.5 Fighting
 + Level 7.3(8.7) Short Blades
   Level 7.2(8.6) Long Blades
 - Level 7.0 Throwing
 - Level 8.0 Armour
 + Level 6.7 Shields
 + Level 10.8 Invocations


You had 11 spell levels left.
You didn't know any spells.
Your spell library contained the following spells:

 Spells                   Type           Power        Failure   Level  Hunger
 Animate Skeleton         Necr           N/A          95%         1    ##.....
 Apportation              Tloc           #.....       95%         1    ##.....
 Confusing Touch          Hex            #.....       95%         1    ##.....
 Sandblast                Erth           #.....       95%         1    ##.....
 Summon Small Mammal      Summ           #...         95%         1    ##.....
 Passwall                 Tmut/Erth      #.......     99%         2    ###....
 Stone Arrow              Conj/Erth      #.....       100%        3    ####...
 Petrify                  Tmut/Erth      #.......     100%        4    #####..
 Lee's Rapid Deconstruct  Erth           #.........   100%        5    ######.


Dungeon Overview and Level Annotations

Branches:
Dungeon (11/15)            Temple (1/1) D:4            Lair (0/6) D:10
    Orc (0/2) D:9

Altars:
Ashenzari
Cheibriados
Dithmenos
Elyvilon
Fedhas
Gozag
Hepliaklqana
Kikubaaqudgha
Makhleb
Nemelex Xobeh
Okawaru
Qazlal
Ru
Sif Muna
Trog
Uskayaw
Vehumet
Wu Jian
Xom
Yredelemnul
Zin
The Shining One
Beogh

Shops:
D:7 !   D:10 :

Annotations:
D:6 5 runed doors
D:11 Snorg


Innate Abilities, Weirdness & Mutations

You cannot be hasted, slowed, berserked, paralysed or teleported.
You can dig through walls and to a lower floor.
Your four strong arms can wield two-handed weapons with a shield.
You have a pair of large antennae on your head. (SInv)


Message History

Okay, then.
You feel much better. Snorg bites you but does no damage. Snorg claws you.
Snorg claws you!
You block the phantasmal warrior's attack.
A demon appears!
Snorg bites you but does no damage. Snorg claws you.
* * * LOW HITPOINT WARNING * * *
Snorg claws you.
* * * LOW HITPOINT WARNING * * *
Snorg bites you!
* * * LOW HITPOINT WARNING * * *
Snorg claws you but does no damage. You block Snorg's attack.
You block the phantasmal warrior's attack.
The phantasmal warrior blinks!
Snorg bites your neqoxec. Snorg claws your neqoxec! x2
Your neqoxec dies!
The phantasmal warrior blinks!
You feel much better. Snorg bites you!!
* * * LOW HITPOINT WARNING * * *
Snorg barely misses you. Snorg claws you!
You die...

##.............##..#
##...........##....
##.........###.#..
##♣.....♣##......
##'''######..##
....>..##...#
##############......##
#..h#W..#...##.....##
#.).oT@†'...#.....###
#§..#...#...##......###
##'#######'###.#..#....
#.).#$.:#...##.##..###.
#...'...#.(.##.###...#.
#.o.#?.=#...##.# ###.##
##'#######(###.# #...
... ..#.(.##.# #####
#...' .#...#..## #..))


You could see Snorg (berserk), a phantasmal warrior, an orc warrior and a howler
monkey.

Vanquished Creatures
  A centaur warrior (D:11)
  A hydra (D:11)
  3 unseen horrors
  An ugly thing (D:11)
  A salamander (shapeshifter) (D:11)
  A cyclops (D:11)
  A manticore (D:11)
  Joseph (D:10)
  A komodo dragon (D:11)
  A yaktaur (D:11)
  3 trolls
  Grinder (D:3)
  A hornet (D:11)
  A hippogriff (D:11)
  3 wraiths
  A spriggan (D:8)
  3 wyverns
  A vampire (D:10)
  10 yaks
  2 basilisks (D:10)
  2 hungry ghosts
  A vampire mosquito (D:11)
  A swamp drake (D:10)
  A hornet zombie (D:10)
  2 ice beasts
  12 orc warriors
  3 phantoms
  2 black bears
  3 ogres
  3 necrophages
  2 sky beasts
  5 centaurs
  2 crocodiles
  6 big kobolds
  An elf zombie (D:9)
  11 bullfrogs
  A wyvern zombie (D:7)
  A wyvern skeleton (D:6)
  2 scorpions
  5 howler monkeys
  5 wights (D:11)
  4 crimson imps
  A centaur zombie (D:11)
  A quasit (D:7)
  A bullfrog zombie (D:11)
  2 bullfrog skeletons (D:11)
  3 centaur skeletons
  6 hounds
  6 human zombies (D:9)
  6 orc priests
  10 orc wizards
  2 iguanas
  7 worker ants
  A centaur simulacrum (D:11)
  2 human simulacra (D:10)
  3 hound skeletons
  2 mummies (D:9)
  A worker ant zombie (D:8)
  21 gnolls
  13 adders
  A shadow imp (D:5)
  An ooze (D:5)
  An adder skeleton (D:10)
  A worm (D:2)
  6 dart slugs
  7 leopard geckos
  52 orcs
  3 ball pythons
  6 giant cockroaches
  38 goblins
  33 hobgoblins
  10 jackals
  8 quokkas
  5 bats
  8 frilled lizards
  A giant cockroach zombie (D:5)
  24 kobolds
  8 rats
414 creatures vanquished.

Vanquished Creatures (others)
  A komodo dragon (D:10)
1 creature vanquished.

Grand Total: 415 creatures vanquished

Notes
Turn   | Place    | Note
-------+----------+-------------------------------------------
     0 | D:1      | LLavrengius the Formicid Fighter began the quest for the
                  | Orb.
     0 | D:1      | Reached XP level 1. HP: 18/18 MP: 1/1
   307 | D:1      | Reached XP level 2. HP: 24/24 MP: 2/2
   523 | D:1      | Reached XP level 3. HP: 26/30 MP: 3/3
  1279 | D:2      | Reached XP level 4. HP: 14/37 MP: 4/4
  1560 | D:2      | Reached skill level 4 in Fighting
  1795 | D:2      | Reached XP level 5. HP: 41/42 MP: 5/5
  2344 | D:3      | Noticed a big kobold
  2345 | D:3      | Noticed a big kobold
  2366 | D:3      | Found a white marble altar of Elyvilon.
  2465 | D:3      | Noticed Grinder
  2497 | D:3      | Killed Grinder
  2497 | D:3      | Reached skill level 5 in Shields
  2497 | D:3      | Reached XP level 6. HP: 33/50 MP: 6/6
  2800 | D:3      | Reached skill level 5 in Fighting
  2810 | D:3      | Reached XP level 7. HP: 55/56 MP: 7/7
  2818 | D:3      | Reached skill level 5 in Armour
  3895 | D:4      | Found a staircase to the Ecumenical Temple.
  3901 | Temple   | Entered the Ecumenical Temple
  4061 | Temple   | Became a worshipper of Makhleb the Destroyer
  4327 | D:4      | Reached XP level 8. HP: 47/64 MP: 8/8
  4458 | D:4      | Reached skill level 6 in Fighting
  4686 | D:5      | Entered Level 5 of the Dungeon
  4956 | D:5      | Reached skill level 1 in Invocations
  5042 | D:5      | Found a hazy altar of Hepliaklqana.
  5043 | D:5      | Found a shimmering altar of Xom.
  5044 | D:5      | Noticed a spectral ugly thing
  5109 | D:5      | Reached skill level 5 in Long Blades
  5209 | D:5      | Reached * piety under Makhleb
  6054 | D:5      | Reached XP level 9. HP: 58/71 MP: 11/11
  6184 | D:5      | Reached ** piety under Makhleb
  6187 | D:5      | Reached skill level 7 in Fighting
  6891 | D:6      | Found a hide-covered altar of Uskayaw.
  7186 | D:6      | Found the +9 staff of Olgreb {rPois}
  7188 | D:6      | Found a runed door.
  7195 | D:6      | Found a runed gate.
  7196 | D:6      | Found a runed door.
  7206 | D:6      | Found a runed gate.
  7206 | D:6      | Found a runed gate.
  7284 | D:6      | Found a sparkling altar of Nemelex Xobeh.
  7285 | D:6      | Found a sacrificial altar of Ru.
  7522 | D:7      | Found Joukk's Distillery.
  7534 | D:7      | Bought a potion of cancellation for 112 gold pieces
  7534 | D:7      | Bought a potion of agility for 56 gold pieces
  7553 | D:7      | Reached *** piety under Makhleb
  8002 | D:7      | Reached skill level 5 in Invocations
  8311 | D:7      | Reached skill level 8 in Fighting
  8536 | D:7      | Found an ancient bone altar of Kikubaaqudgha.
  8536 | D:7      | Found a stormy altar of Qazlal.
  8677 | D:7      | Reached XP level 10. HP: 73/80 MP: 14/14
  9190 | D:8      | Found an iron altar of Okawaru.
  9196 | D:8      | Got a scorched dagger
  9197 | D:8      | Identified the +10 dagger of Defence {venom, Int+4 Dex+4}
                  | (You found it on level 8 of the Dungeon)
  9374 | D:8      | Reached skill level 1 in Short Blades
  9374 | D:8      | Reached skill level 1 in Throwing
  9489 | D:8      | Found a blossoming altar of Fedhas.
  9743 | D:9      | Reached skill level 9 in Fighting
 10012 | D:8      | Reached **** piety under Makhleb
 10413 | D:9      | Found a roughly hewn altar of Beogh.
 10414 | D:9      | Found a staircase to the Orcish Mines.
 11127 | D:9      | Reached XP level 11. HP: 89/89 MP: 16/16
 11231 | D:9      | Found a basalt altar of Yredelemnul.
 11386 | D:9      | Reached ***** piety under Makhleb
 11551 | D:10     | Entered Level 10 of the Dungeon
 11571 | D:10     | Noticed an unseen horror
 11573 | D:10     | Found Vimibut's Book Boutique.
 11580 | D:10     | Killed an unseen horror
 11604 | D:10     | Reached skill level 10 in Fighting
 11665 | D:10     | Noticed Joseph
 11685 | D:10     | Killed Joseph
 11725 | D:10     | Reached skill level 5 in Short Blades
 11725 | D:10     | Reached skill level 5 in Throwing
 11747 | D:10     | Found a stormy altar of Qazlal.
 11860 | D:10     | Noticed an unseen horror
 11878 | D:10     | Killed an unseen horror
 12690 | D:10     | Found a staircase to the Lair.
 12710 | D:10     | Reached XP level 12. HP: 96/99 MP: 16/19
 12961 | D:11     | Noticed an unseen horror
 12969 | D:11     | Killed an unseen horror
 12989 | D:11     | Noticed a six-headed hydra
 13028 | D:11     | Killed a six-headed hydra
 13028 | D:11     | Reached skill level 11 in Fighting
 13028 | D:11     | Reached skill level 10 in Invocations
 13652 | D:11     | Identified a scroll of acquirement
 14034 | D:11     | Noticed a centaur warrior
 14047 | D:11     | Killed a centaur warrior
 14105 | D:11     | Noticed Snorg
 14122 | D:11     | HP: 5/100 [Snorg (13)]
 14125 | D:11     | Slain by Snorg

Vault maps used:
D:1:      co_arrival_random_square_maze
D:2:      wad_woods_tower
D:3:      cheibrodos_thug_alley, elyvilon_altar_3, first_ration, uniq_grinder
D:4:      minmay_temple_entry_enclosed_plants, portal_sewer_entry_a
D:5:      minmay_goblin_kobold_castle, regret_index_temple_of_mockery
D:6:      eat_drink_and_be_merry_uskayaw, gammafunk_temple_overflow_pools,
          minmay_guarded_unrand_staff_of_olgreb
D:7:      gammafunk_temple_overflow_elements, serial_shops,
          nicolae_shop_waterfront
D:8:      nicolae_overflow_crystal_walls, fedhas_altar_4, the_bakery
D:9:      lemuel_mausoleum_altar_yredelemnul, david_orc_5, serial_bayou_pond_d,
          minmay_misc_feat_chi
D:10:     erik_lair_dragon, serial_shops, shop, basic_altar, bh_circular_ruins,
          uniq_joseph
D:11:     kennysheep_donut, minmay_evil_grid, uniq_snorg
Temple:   minmay_temple_curvy_loop

Skill      XL: |  1  2  3  4  5  6  7  8  9 10 11 12 |
---------------+-------------------------------------+-----
Shields        | 4 5 6 |  6.7
Armour         | 4 5 6 8 |  8.0
Fighting       | 4 5 6 8 9 10 11 | 11.5
Long Blades    | 3 4 5 6 7 |  7.2
Invocations    | 3 5 7 9 10 | 10.8
Short Blades   | 3 6 7 |  7.3
Throwing       | 3 6 7 |  7.0

Action                   |  1- 3 |  4- 6 |  7- 9 | 10-12 || total
-------------------------+-------+-------+-------+-------++-------
Melee: Long sword        |   124 |   168 |   841 |    52 ||  1185
       Dagger            |       |       |       |   832 ||   832
Invok: Minor Destruction |       |       |       |     8 ||     8
       Lesser Servant of |       |       |       |     2 ||     2
       Major Destruction |       |       |       |     1 ||     1
 Abil: Dig               |       |       |     2 |     3 ||     5
  Use: Scroll            |       |       |    10 |    12 ||    22
       Potion            |       |       |       |     8 ||     8
 Stab: Distracted        |       |       |       |     1 ||     1
  Eat: Chunk             |     1 |     6 |    21 |    25 ||    53
Armor: Scale mail        |    79 |    11 |       |       ||    90
       Chain mail        |       |    53 |   474 |   263 ||   790
       Plate armour      |       |       |       |    75 ||    75
Dodge: Dodged            |    49 |    44 |   220 |   136 ||   449
Block: Shield            |    82 |    90 |   521 |   340 ||  1033
       Rpst.: Long sword |    15 |    15 |    75 |     3 ||   108

Table legend:
 A = Non-vault XP
 B = Vault XP
 C = Vault XP percentage of total XP
 D = Non-vault monster count
 E = Vault monster count
 F = Vault count percentage of total count
                 A         B        C        D         E       F
            +---------+---------+-------+---------+---------+-------
      Total |   16742 |    7789 |  31.8 |     281 |     134 |  32.3
            +---------+---------+-------+---------+---------+-------
        D:1 |      50 |       0 |   0.0 |      29 |       0 |   0.0
        D:2 |      94 |      35 |  27.1 |      29 |       6 |  17.1
        D:3 |     153 |     498 |  76.5 |      23 |      12 |  34.3
        D:4 |     300 |       1 |   0.3 |      16 |       1 |   5.9
        D:5 |     750 |     493 |  39.7 |      25 |      62 |  71.3
        D:6 |     577 |       0 |   0.0 |      23 |       0 |   0.0
        D:7 |    1091 |       0 |   0.0 |      26 |       0 |   0.0
        D:8 |    1521 |     823 |  35.1 |      17 |      13 |  43.3
        D:9 |    1184 |    1230 |  51.0 |      21 |      24 |  53.3
       D:10 |    5267 |    1649 |  23.8 |      40 |       9 |  18.4
       D:11 |    5755 |    3060 |  34.7 |      32 |       7 |  17.9
            +---------+---------+-------+---------+---------+-------
